 Dungeon Crawl Stone Soup version 0.27-a0-1456-gf5a116941d (webtiles) character file.

Game seed: 18052148698291615477

57001 blackman the Basher (level 15, -6/122 HPs)
             Began as a Human Fighter on July 5, 2021.
             Was an Elder of the Shining One.
             Mangled by an eight-headed hydra (13 damage)
             ... on level 6 of the Lair of Beasts on July 6, 2021.
             The game lasted 02:51:54 (34381 turns).

blackman the Basher (Human Fighter)                Turns: 34381, Time: 02:51:54

Health: -6/122     AC: 20    Str: 22    XL:     15   Next: 24%
Magic:  23/23      EV:  4    Int:  8    God:    the Shining One [****..]
Gold:   1184       SH: 35    Dex: 14    Spells: 14/14 levels left

rFire    x . .     SeeInvis .   I - +4 morningstar
rCold    + + .     Faith    .   G - +0 tower shield
rNeg     + + .     Spirit   .   A - +1 plate armour
rPois    +         Reflect  +   (helmet restricted)
rElec    +         Harm     .   O - scarf {repulsion}
rCorr    .         Rampage  .   v - +3 pair of gauntlets of War {Slay+5}
Will     ++...                  (no boots)
Stlth    ..........             u - amulet of reflection
HPRegen  0.30/turn              U - +4 ring of slaying
MPRegen  0.18/turn              j - ring of Elyvilon's Grace {rElec rPois rF- rC+ Will+}

@: divinely shielded, glowing, repel missiles
A: beak, iridescent scales 1, cold resistance 1, electricity resistance
a: Renounce Religion, Divine Shield, Cleansing Flame


You were on level 6 of the Lair of Beasts.
You worshipped the Shining One.
The Shining One was greatly pleased with you.
You visited 3 branches of the dungeon, and saw 20 of its levels.
You also visited: Ossuary and Bailey.

You collected 1664 gold pieces.
You spent 480 gold pieces at shops.

Inventory:

Hand Weapons
 I - a +4 morningstar (weapon)
Missiles
 m - 55 poisoned darts (quivered)
 V - 3 curare-tipped darts
Armour
 v - the +3 pair of gauntlets of War (worn) {Slay+5}
   (You acquired it on level 9 of the Dungeon)

   Slay:      It affects your accuracy & damage with ranged weapons and melee
   (+5).
 A - a +1 plate armour (worn)
 G - a +0 tower shield (worn)
 O - a scarf of repulsion (worn)
Jewellery
 e - a ring of poison resistance
 j - the ring of Elyvilon's Grace (right hand) {rElec rPois rF- rC+ Will+}
   (You took it off a centaur warrior on level 12 of the Dungeon)

   [ring of willpower]

   rF:        It makes you vulnerable to fire.
   rC:        It protects you from cold.
   rElec:     It insulates you from electricity.
   rPois:     It protects you from poison.
   Will:      It increases your willpower.
 t - the ring "Uxkyosic" {Ice Will+}
   (You took it off a centaur warrior on level 12 of the Dungeon)

   [ring of ice]

   It enhances your ice magic.
   rF:        It makes you vulnerable to fire.
   rC:        It protects you from cold.
   Will:      It increases your willpower.
 u - an amulet of reflection (around neck)
 z - a +6 ring of strength
 C - a ring of flight
 U - a +4 ring of slaying (left hand)
 X - the ring "Unlel" {rC++ rCorr}
   (You took it off a centaur on level 12 of the Dungeon)

   [ring of resist corrosion]

   rC:        It greatly protects you from cold.
   rCorr:     It protects you from acid and corrosion.
 Y - the ring "Puallar" {Fly rElec rF+++ rC- Str+3}
   (You took it off a centaur warrior on level 12 of the Dungeon)

   [ring of flight]

   Str:       It affects your strength (+3).
   rF:        It renders you almost immune to fire.
   rC:        It makes you vulnerable to cold.
   rElec:     It insulates you from electricity.
   Fly:       It grants you flight.
Wands
 a - a wand of iceblast (22)
 c - a wand of flame (15)
 o - a wand of polymorph (1)
 s - a wand of acid (9)
 T - a wand of charming (12)
 W - a wand of mindburst (9)
Scrolls
 b - 2 scrolls of teleportation
 f - 5 scrolls of enchant weapon
 h - 5 scrolls of immolation
 i - a scroll of torment
 k - 2 scrolls of vulnerability
 l - a scroll of summoning {unknown}
 n - 2 scrolls of fear
 r - 2 scrolls of fog
 x - 2 scrolls of amnesia
 H - 3 scrolls of blinking
 K - 4 scrolls of enchant armour
 R - a scroll of magic mapping
Potions
 d - 3 potions of lignification
 g - a potion of attraction {unknown}
 p - 9 potions of curing
 q - 6 potions of degeneration
 w - a potion of haste
 D - 2 potions of flight
 E - 8 potions of magic
 F - a potion of invisibility {unknown}
 J - a potion of mutation
 L - 3 potions of brilliance
 M - a potion of might
 N - 2 potions of resistance
 Q - 3 potions of heal wounds
 S - 3 potions of ambrosia
 Z - a potion of cancellation


   Skills:
 - Level 12.3 Fighting
 - Level 5.6 Long Blades
 * Level 13.7 Maces & Flails
 - Level 6.2 Armour
 + Level 13.1 Shields
 + Level 10.7 Invocations


You had 14 spell levels left.
You didn't know any spells.
Your spell library contained the following spells:

 Spells                   Type           Power      Damage    Failure   Level
 Apportation              Tloc           0%         N/A       100%        1
 Magic Dart               Conj           0%         1d3       100%        1
 Summon Small Mammal      Summ           0%         N/A       100%        1
 Blink                    Tloc           N/A        N/A       100%        2
 Call Imp                 Summ           0%         N/A       100%        2
 Static Discharge         Conj/Air       0%         N/A       100%        2
 Call Canine Familiar     Summ           0%         N/A       100%        3
 Gell's Gravitas          Tloc           0%         N/A       100%        3
 Lesser Beckoning         Tloc           0%         N/A       100%        3
 Mephitic Cloud           Conj/Pois/Air  0%         N/A       100%        3
 Portal Projectile        Hex/Tloc       0%         N/A       100%        3
 Stone Arrow              Conj/Erth      0%         3d7       100%        3
 Summon Guardian Golem    Hex/Summ       0%         N/A       100%        3
 Fulminant Prism          Conj/Hex       0%         3d6       100%        4
 Iskenderun's Mystic Bla  Conj/Tloc      0%         2d3       100%        4
 Leda's Liquefaction      Hex/Erth       0%         N/A       100%        4
 Blade Hands              Tmut           0%         N/A       100%        5
 Excruciating Wounds      Necr           0%         N/A       100%        5
 Freezing Cloud           Conj/Ice/Air   0%         6-21      100%        5
 Lee's Rapid Deconstruct  Erth           0%         3d5*      100%        5
 Lightning Bolt           Conj/Air       0%         1d11      100%        5
 Manifold Assault         Tloc           0%         N/A       100%        5
 Monstrous Menagerie      Summ           0%         N/A       100%        7
 Storm Form               Tmut/Air       0%         N/A       100%        7
 Maxwell's Capacitive Co  Air            0%         ∞         100%        8
 Fire Storm               Conj/Fire      0%         5d1       100%        9


Dungeon Overview and Level Annotations

Branches:
Dungeon (13/15)            Temple (1/1) D:5            Lair (6/6) D:10
 Shoals (0/4) Lair:3       Spider (0/4) Lair:3        Slime (0/5) Lair:5
    Orc (0/2) D:10        Ossuary (visited)          Bailey (visited)
 Vaults: D:13-14

Altars:
Ashenzari
Cheibriados
Kikubaaqudgha
Makhleb
Okawaru
Trog
Uskayaw
Vehumet
Wu Jian
Xom
Yredelemnul
The Shining One
Beogh
Jiyva

Shops:
D:7 *   D:8 :   D:9 !   D:12 !

Annotations:
D:7 1 runed translucent door, exclusion: door, Crazy Yiuf
D:10 3 runed translucent doors, atabob's ghost, novice SpAK


Innate Abilities, Weirdness & Mutations

You have a beak for a mouth.
You are partially covered in iridescent scales. (AC +2)
Your flesh is cold resistant. (rC+)
You are resistant to electric shocks. (rElec)


Message History

You kill the water moccasin!
You block the four-headed hydra's attack.
The four-headed hydra bites you!
* * * LOW HITPOINT WARNING * * *
The four-headed hydra bites you!
* * * LOW HITPOINT WARNING * * *
You block the four-headed hydra's attack.
As you read the scroll of fear, it crumbles to dust.
You assume a fearsome visage.
The fungus is unaffected. x2
The plant is unaffected. x2; The four-headed hydra looks frightened!
You see here a water moccasin corpse.
You see here a black mamba corpse.
Found a stone staircase leading up.
An eight-headed hydra comes into view.
Unknown command.
You feel much better.
The eight-headed hydra roars!
You block the eight-headed hydra's attack. x3
The eight-headed hydra bites you!
* * * LOW HITPOINT WARNING * * *
The eight-headed hydra bites you.
* * * LOW HITPOINT WARNING * * *
The eight-headed hydra bites you.
* * * LOW HITPOINT WARNING * * *
The eight-headed hydra bites you but does no damage.
The eight-headed hydra bites you!
* * * LOW HITPOINT WARNING * * *
You block the eight-headed hydra's attack. x2
The eight-headed hydra bites you.
* * * LOW HITPOINT WARNING * * *
The eight-headed hydra bites you.
* * * LOW HITPOINT WARNING * * *
The eight-headed hydra bites you.
* * * LOW HITPOINT WARNING * * *
You block the eight-headed hydra's attack. x2
The eight-headed hydra bites you.
* * * LOW HITPOINT WARNING * * *
You block the eight-headed hydra's attack. x4
The eight-headed hydra bites you!
You die...

≈.............#........##
≈≈≈#.........#.#........#
#≈≈≈#......#####.......##
##≈≈#.....## ##..........
#≈≈§.....# #..........#
#≈§......# #.........#
.#≈#......# ##........#
.#≈≈#......# #..D.....#
##≈≈##.##.#8 #.@........
###### ##........#
#.......## #.......P#
##.......# .......
......# #.....#


You could see an eight-headed hydra.

Vanquished Creatures
  Nessos (Lair:4)
  2 boulder beetles
  A rakshasa (D:12)
  9 hydras
  4 centaur warriors (D:12)
  3 two-headed ogres
  A tengu warrior (D:10)
  A deep elf knight (D:12)
  A deep elf pyromancer (D:12)
  2 manticores
  An ugly thing (D:12)
  An orc knight (Bailey)
  A merfolk siren (Lair:3)
  4 black mambas
  8 elephants
  2 torpor snails
  13 cane toads
  2 molten gargoyles (Lair:6)
  3 gargoyles
  Maggie (D:7)
  2 freezing wraiths (D:12)
  10 komodo dragons
  3 polar bears
  A troll (D:11)
  Prince Ribbit (D:6)
  A hornet (D:6)
  10 slime creatures
  9 blink frogs
  11 dream sheep
  Sigmund (D:3)
  4 shadows
  46 yaks
  A centaur simulacrum (D:12)
  A tarantella (Lair:3)
  4 wyverns
  10 basilisks
  Grum (D:11)
  3 wraiths
  A steam dragon (Lair:6)
  4 vampire mosquitoes (D:13)
  Edmund (D:6)
  12 water moccasins
  4 orc warriors
  A sky beast (D:6)
  2 ice beasts
  2 ogres (D:6)
  3 black bears
  A necrophage (D:8)
  6 centaurs
  20 wolves
  2 phantoms
  3 kobold brigands
  13 bullfrogs
  A gnoll sergeant (D:12)
  8 scorpions
  A wyvern skeleton (D:6)
  6 killer bees (D:10)
  17 wights
  3 howler monkeys
  2 electric eels (Lair:5)
  A crimson imp (D:4)
  3 lava snakes (Lair:6)
  2 centaur zombies
  2 hounds
  2 jellies (D:6)
  15 orc priests
  A bullfrog skeleton (D:6)
  A centaur skeleton (D:7)
  Ijyb (D:4)
  2 iguanas
  3 scorpion zombies (Ossuary)
  15 orc wizards
  4 hell rats (Lair:6)
  A killer bee zombie (D:8)
  3 mummies (Ossuary)
  A howler monkey skeleton (D:6)
  22 gnolls
  14 adders
  2 shadow imps
  A white imp (D:8)
  5 dart slugs
  46 orcs
  8 ball pythons
  6 bats
  9 endoplasms
  5 giant cockroaches
  11 goblins
  15 hobgoblins
  14 jackals
  24 kobolds
  6 quokkas
  3 frilled lizards
  6 goblin zombies (Ossuary)
  4 hobgoblin zombies (Ossuary)
  A kobold zombie (Ossuary)
  3 orc zombies (Ossuary)
  3 rats
558 creatures vanquished.

Vanquished Creatures (others)
  2 scorpions (Ossuary)
  A hobgoblin zombie (Ossuary)
  2 kobolds (D:9)
  45 fungi
  45 plants
95 creatures vanquished.

Grand Total: 653 creatures vanquished

Notes
Turn   | Place    | Note
-------+----------+-------------------------------------------
     0 | D:1      | blackman the Human Fighter began the quest for the Orb.
     0 | D:1      | Reached XP level 1. HP: 18/18 MP: 1/1
     2 | D:1      | Found a faded altar of an unknown god.
    70 | D:1      | You fall into a shaft and drop 1 floor!
   110 | D:1      | Reached XP level 2. HP: 17/24 MP: 2/2
   699 | D:1      | Reached XP level 3. HP: 12/29 MP: 3/3
  1469 | D:2      | Reached XP level 4. HP: 25/35 MP: 4/4
  2842 | D:3      | Found a bloodstained altar of Trog.
  2844 | D:3      | Reached XP level 5. HP: 38/42 MP: 5/5
  2852 | D:3      | Noticed Sigmund
  3333 | D:3      | Killed Sigmund
  3334 | D:3      | Reached XP level 6. HP: 17/49 MP: 6/6
  4024 | D:3      | Reached XP level 7. HP: 47/55 MP: 7/7
  4442 | D:3      | Found a basalt altar of Yredelemnul.
  4511 | D:4      | Noticed Ijyb
  4578 | D:4      | Killed Ijyb
  4883 | D:4      | Reached skill level 5 in Fighting
  4883 | D:4      | Reached skill level 5 in Shields
  5419 | D:4      | Identified the +2 leather armour "Zejul" {Slay+2}
  5444 | D:4      | Found a broken altar of Ashenzari.
  5625 | D:4      | Reached XP level 8. HP: 61/63 MP: 8/8
  5662 | D:4      | Found a burning altar of Makhleb.
  5662 | D:4      | Found a radiant altar of Vehumet.
  5681 | D:4      | Reached skill level 5 in Long Blades
  6193 | D:5      | Entered Level 5 of the Dungeon
  6198 | D:5      | Found a staircase to the Ecumenical Temple.
  6646 | Temple   | Entered the Ecumenical Temple
  6692 | Temple   | Became a worshipper of the Shining One
  8170 | D:5      | Found an iron altar of Okawaru.
  8982 | D:6      | HP: 3/67 [poisoned by a water moccasin]
  8985 | D:6      | Reached XP level 9. HP: 24/72 MP: 9/9
  9914 | D:6      | Reached * piety under the Shining One
 10194 | D:6      | Noticed Edmund
 10213 | D:6      | Killed Edmund
 10214 | D:6      | Reached skill level 1 in Maces & Flails
 10366 | D:6      | Noticed Prince Ribbit
 10416 | D:6      | Killed Prince Ribbit
 11133 | D:6      | Found an ancient bone altar of Kikubaaqudgha.
 11357 | D:6      | Noticed a hornet
 11369 | D:6      | Paralysed by a hornet for 2 turns
 11371 | D:6      | Killed a hornet
 11372 | D:6      | Reached skill level 10 in Fighting
 11372 | D:6      | Reached XP level 10. HP: 81/85 MP: 10/10
 11752 | D:7      | Found a sand-covered staircase.
 11757 | Ossuary  | Entered an ossuary
 11878 | Ossuary  | Reached ** piety under the Shining One
 12021 | Ossuary  | Reached *** piety under the Shining One
 12233 | D:7      | Noticed Maggie
 12248 | D:7      | Killed Maggie
 12249 | D:7      | Reached skill level 5 in Maces & Flails
 12629 | D:7      | Found a runed translucent door.
 12630 | D:7      | Noticed Crazy Yiuf
 12697 | D:7      | Found Juwetaoq's Neck Hole.
 12706 | D:7      | Bought a scarf of repulsion for 192 gold pieces
 12841 | D:7      | Reached skill level 1 in Invocations
 13213 | D:8      | Noticed a manticore
 13252 | D:9      | Noticed a two-headed ogre
 13293 | D:8      | Reached **** piety under the Shining One
 13554 | D:8      | Found Innip's Self-Improvement Boutique.
 13949 | D:8      | Found a large runed translucent door.
 13950 | D:8      | Found a large runed translucent door.
 14164 | D:8      | Killed a manticore
 15363 | D:8      | Found a shimmering altar of Xom.
 15376 | D:8      | Found an ornate altar of the Wu Jian Council.
 16157 | D:9      | Found Episch's Distillery.
 16488 | D:9      | Identified a scroll of acquirement
 16488 | D:9      | Acquired the +3 pair of gauntlets of War {Slay+5}
 16489 | D:9      | Found the +3 pair of gauntlets of War {Slay+5}
 16498 | D:9      | Reached XP level 11. HP: 93/93 MP: 14/14
 17097 | D:9      | Identified the +1 scale mail of Delightful Freedom {Rampage
                  | Str-4 Int+2}
 17141 | D:9      | Noticed a manticore
 17161 | D:9      | Killed a manticore
 17162 | D:9      | Reached skill level 5 in Armour
 17162 | D:9      | Reached skill level 5 in Invocations
 17629 | D:9      | Killed a two-headed ogre
 18076 | D:9      | Got Sif Muna's Compendium of Summoning and Dislocation
 18721 | D:10     | Entered Level 10 of the Dungeon
 19030 | D:10     | Found a flagged portal.
 19043 | Bailey   | Entered a bailey
 19225 | Bailey   | Noticed an orc knight
 19240 | Bailey   | Killed an orc knight
 20179 | D:10     | Found a staircase to the Lair.
 20577 | D:10     | Noticed a tengu warrior
 20742 | D:10     | Found a staircase to the Orcish Mines.
 20829 | D:10     | Killed a tengu warrior
 20971 | D:10     | Noticed a two-headed ogre
 20982 | D:10     | Killed a two-headed ogre
 21153 | D:10     | Found a runed translucent gate.
 21155 | D:10     | Found a runed translucent gate.
 21162 | D:10     | Found a runed translucent gate.
 21164 | D:10     | Noticed atabob's ghost (novice SpAK)
 21292 | D:10     | Noticed an elephant
 21306 | D:10     | Killed an elephant
 21307 | D:10     | Reached XP level 12. HP: 55/102 MP: 17/17
 22092 | D:11     | Noticed Grum
 22103 | D:11     | Killed Grum
 22920 | D:10     | Acquired 632 gold pieces
 22991 | D:11     | Noticed a boulder beetle
 23710 | D:11     | Killed a boulder beetle
 23943 | D:11     | Got the Collected Works on Damaging Orientation
 24252 | D:12     | Found a snail-covered altar of Cheibriados.
 25011 | D:12     | Noticed a centaur warrior
 25016 | D:12     | Noticed a two-headed ogre
 25027 | D:12     | Killed a centaur warrior
 25031 | D:12     | Killed a two-headed ogre
 25032 | D:12     | Reached skill level 10 in Shields
 25380 | D:12     | Noticed a rakshasa
 25384 | D:12     | Identified the ring "Puallar" {Fly rElec rF+++ rC- Str+3}
 25384 | D:12     | Noticed a centaur warrior
 25386 | D:12     | Reached XP level 13. HP: 109/109 MP: 18/18
 25390 | D:12     | Identified the ring "Uxkyosic" {Ice Will+}
 25390 | D:12     | Noticed a centaur warrior
 25391 | D:12     | Killed a centaur warrior
 25397 | D:12     | Killed a centaur warrior
 25404 | D:12     | Killed a rakshasa
 25405 | D:12     | Identified the ring of Elyvilon's Grace {rElec rPois rF-
                  | rC+ Will+}
 25405 | D:12     | Noticed a centaur warrior
 25408 | D:12     | Killed a centaur warrior
 25411 | D:12     | Identified the ring "Unlel" {rC++ rCorr}
 26193 | D:12     | Found Jeuborus's Distillery.
 26408 | D:13     | Reached skill level 10 in Maces & Flails
 26596 | Lair:1   | Entered Level 1 of the Lair of Beasts
 27349 | Lair:1   | You fall into a shaft and drop 1 floor!
 27424 | Lair:2   | Noticed a six-headed hydra
 27459 | Lair:2   | Noticed a six-headed hydra
 27463 | Lair:2   | Killed a six-headed hydra
 27474 | Lair:2   | Killed a six-headed hydra
 27763 | Lair:2   | Gained mutation: You sometimes lose the ability to read
                  | scrolls when taking damage. [potion of mutation]
 27763 | Lair:2   | Gained mutation: Your muscles are strong. (Str +2) [potion
                  | of mutation]
 27764 | Lair:2   | Lost mutation: Your muscles are strong. (Str +2) [potion of
                  | mutation]
 27764 | Lair:2   | Lost mutation: You sometimes lose the ability to read
                  | scrolls when taking damage. [potion of mutation]
 27764 | Lair:2   | Gained mutation: You tend to lose your temper in combat.
                  | [potion of mutation]
 27764 | Lair:2   | Gained mutation: You are strong-willed. (Will+) [potion of
                  | mutation]
 27764 | Lair:2   | Gained mutation: You are somewhat resistant to further
                  | mutation. [potion of mutation]
 27765 | Lair:2   | Lost mutation: You tend to lose your temper in combat.
                  | [potion of mutation]
 27765 | Lair:2   | Lost mutation: You are strong-willed. (Will+) [potion of
                  | mutation]
 27765 | Lair:2   | Gained mutation: You are clumsy. (Dex -2) [potion of
                  | mutation]
 27765 | Lair:2   | Gained mutation: You have a beak for a mouth. [potion of
                  | mutation]
 27974 | D:12     | Bought 2 potions of mutation for 288 gold pieces
 27974 | D:12     | Lost mutation: You are somewhat resistant to further
                  | mutation. [potion of mutation]
 27974 | D:12     | Lost mutation: You are clumsy. (Dex -2) [potion of
                  | mutation]
 27974 | D:12     | Gained mutation: You are resistant to electric shocks.
                  | (rElec) [potion of mutation]
 27974 | D:12     | Gained mutation: Your flesh is cold resistant. (rC+)
                  | [potion of mutation]
 27974 | D:12     | Gained mutation: You are partially covered in iridescent
                  | scales. (AC +2) [potion of mutation]
 28045 | D:13     | Found a hide-covered altar of Uskayaw.
 28341 | Lair:1   | Noticed a four-headed hydra
 28351 | Lair:1   | Killed a four-headed hydra
 28941 | Lair:2   | Reached XP level 14. HP: 94/116 MP: 20/20
 29609 | Lair:3   | Identified the +5 bardiche of Objectivity {vamp, Contam
                  | Str+2 Dex+3}
 30075 | Lair:3   | Found a hole to the Spider Nest.
 30230 | Lair:3   | Found a staircase to the Shoals.
 30629 | Lair:4   | Noticed Nessos
 30636 | Lair:4   | Killed Nessos
 32469 | Lair:4   | Reached skill level 10 in Invocations
 32753 | Lair:5   | Found a viscous altar of Jiyva.
 32759 | Lair:5   | Found a staircase to the Slime Pits.
 33379 | Lair:6   | Entered Level 6 of the Lair of Beasts
 33472 | Lair:6   | Reached XP level 15. HP: 85/122 MP: 22/22
 34218 | Lair:6   | Found a large runed translucent door.
 34218 | Lair:6   | Found a large runed translucent door.
 34381 | Lair:6   | Mangled by an eight-headed hydra

Illustrated notes

Levels and vault maps discovered:
D:1:      dpeg_arrival_fog, layout_rooms, basic_ecumenical_altar
D:2:      layout_basic
D:3:      layout_basic, yredelemnul_altar_generic, bloody_trog, uniq_sigmund
D:4:      layout_rooms, grunt_temple_overflow_lords_of_destruction,
          cheibrodos_ashenzari_chains, uniq_ijyb
D:5:      layout_basic, old_standard_altar, minmay_temple_entry_drinking_statues
D:6:      minmay_chambers_of_threes, layout_loops_corners,
          general_overflow_altar, grunt_ministairs_2, minivault_4,
          uniq_prince_ribbit1, uniq_edmund
D:7:      layout_cave_pools, lightli_ossuary_entry_decrepit_ruins,
          nicolae_shop_sticking_my_neck_out, uniq_crazy_yiuf_cottage,
          uniq_maggie
D:8:      layout_basic, jmf_multi_god_temple2, abandoned_shop,
          nicolae_shop_self_help
D:9:      layout_long_grid, serial_shops, nicolae_shop_behind_doors,
          david_defended_altar_orc
D:10:     layout_basic, david_lair_generic, david_orc_3, enter_bailey_5,
          ebering_ghost_rock_garden, grunt_ministairs_13
D:11:     layout_loops_corners, amcnicky_mini_rare_corridor_liquid, uniq_grum
D:12:     minmay_the_grid_triangle_9x9_rhombus_thin
          [minmay_the_grid_triangle_9x9_zippers_vertical,
          minmay_the_grid_triangle_9x9_prize_special,
          minmay_the_grid_triangle_9x9_intruding_spiral,
          minmay_the_grid_triangle_9x9_impossible_snake], layout_basic,
          serial_shops, kennysheep_mini, kennysheep_slug_shrine
D:13:     minmay_octagon_keep, layout_basic, david_vaults_2,
          dancing_weapons_uskayaw
Temple:   nicolae_temple_figure_eight
Lair:1:   layout_long_grid, grunt_megastairs_3, infiniplex_staircase_pool_2,
          lemuel_fruit_fields
Lair:2:   layout_regular_city, st_stairs_5, infiniplex_staircase_pool,
          lemuel_fruit_tree
Lair:3:   layout_chaotic_city, minmay_shoals_entry_lonely_mermaid,
          spider_nest_entry_rubble, minivault_23
Lair:4:   layout_regular_city, minmay_hedge_maze, st_stairs_13,
          grunt_megastairs_1, uniq_nessos
Lair:5:   layout_concentric_octagons, slime_altar_1,
          nicolae_quartered_pool_super, serial_bayou_shore_a
Lair:6:   cheibrodos_lair_end_hotspot, layout_gridlike

Skill      XL: |  1  2  3  4  5  6  7  8  9 10 11 12 13 14 15 |
---------------+----------------------------------------------+-----
Long Blades    | 3 4 5 |  5.6
Fighting       | 4 5 7 10 11 12 | 12.3
Shields        | 4 5 6 7 10 11 12 13 | 13.1
Maces & Flails | 3 5 8 11 13 | 13.7
Invocations    | 4 7 8 10 | 10.7
Armour         | 4 6 |  6.2

Action                   |  1- 3 |  4- 6 |  7- 9 | 10-12 | 13-15 || total
-------------------------+-------+-------+-------+-------+-------++-------
Melee: Long sword        |    77 |   118 |       |       |       ||   195
       Whip              |       |    41 |   479 |   339 |       ||   859
       Unarmed           |       |       |    23 |       |       ||    23
       Morningstar       |       |       |       |   346 |   556 ||   902
       Peck              |       |       |       |       |   104 ||   104
Throw: Throwing net      |       |       |     2 |       |       ||     2
       Dart              |       |       |     1 |    18 |     5 ||    24
Invok: Divine Shield     |       |       |       |     9 |    20 ||    29
       Cleansing Flame   |       |       |       |     1 |       ||     1
Evoke: Wand              |       |       |       |     3 |       ||     3
  Use: Scroll            |       |     4 |     5 |    18 |     6 ||    33
       Potion            |       |     2 |     3 |     3 |     8 ||    16
Armor: Scale mail        |    47 |    82 |    84 |       |       ||   213
       Skin              |       |       |    20 |     6 |       ||    26
       Chain mail        |       |       |   103 |    84 |       ||   187
       Plate armour      |       |       |       |   206 |   219 ||   425
Dodge: Dodged            |    30 |    61 |   120 |   144 |    56 ||   411
       Repelled          |       |       |       |       |     3 ||     3
Block: Kite shield       |    51 |   100 |   233 |   658 |   170 ||  1212
       Reflection        |       |       |       |    34 |    15 ||    49
       Tower shield      |       |       |       |     2 |   542 ||   544
       Rpst.: Long sword |     5 |    11 |       |       |       ||    16

Table legend: (Time is in decaauts)
 A = Elapsed time spent in this place.
 B = Non-inter-level travel time spent in this place.
 C = Inter-level travel time spent in this place.
 D = Time resting spent in this place.
 E = Time spent auto-exploring this place.
 F = Levels seen in this place.
 G = Mean time per level.
                   A        B        C        D        E       F      G
               +--------+--------+--------+--------+--------+-----+--------+
         Total |  34867 |  32338 |   2529 |  13635 |  11902 |  22 | 1584.9 |
       Dungeon |  26142 |  23979 |   2163 |  12197 |   6819 |  13 | 2010.9 |
        Temple |     60 |     51 |      9 |      0 |     36 |   1 |   60.0 |
          Lair |   7620 |   7263 |    357 |   1420 |   4559 |   6 | 1270.0 |
       Ossuary |    450 |    450 |      0 |      0 |     93 |   1 |  450.0 |
        Bailey |    593 |    593 |      0 |     18 |    395 |   1 |  593.0 |
               +--------+--------+--------+--------+--------+-----+--------+

Top non-repeatable levels by time:
    D:10: 3515 daAuts
     D:9: 2926 daAuts
     D:6: 2806 daAuts
     D:8: 2735 daAuts
    D:12: 2383 daAuts
     D:2: 2339 daAuts
     D:5: 2283 daAuts
  Lair:4: 2059 daAuts
     D:4: 2040 daAuts
    D:11: 1617 daAuts
  Lair:2: 1449 daAuts
     D:3: 1332 daAuts
  Lair:1: 1299 daAuts
     D:1: 1086 daAuts
  Lair:3: 1028 daAuts
